 Dungeon Crawl Stone Soup version 0.28.0-49-g6dfe1f597d (webtiles) character file.

Game seed: 16120811999699243741

3646 hawla the Arsonist (level 9, -4/37 (42) HPs)
             Began as a Felid Fire Elementalist on May 18, 2022.
             Was a Follower of Vehumet.
             Slain by a gnoll sergeant
             ... wielding a +7 spear of venom
              (12 damage)
             ... on level 8 of the Dungeon on May 19, 2022.
             The game lasted 00:41:23 (10368 turns).

hawla the Arsonist (Felid Fire Elementalist)       Turns: 10368, Time: 00:41:24

HP:   -4/37 (42)    AC:  6    Str:  6    XL:     9   Next: 88%
MP:   5/25          EV: 22    Int: 18    God:    Vehumet [*.....]
Gold: 40            SH:  5    Dex: 17    Spells: 3/17 levels left
                                        Lives: 0   Deaths: 2

rFire   . . .      SeeInvis +     - Unarmed
rCold   . . .      Faith    .   (shield unavailable)
rNeg    . . .      Spirit   .   (armour unavailable)
rPois   .          Reflect  +   (helmet unavailable)
rElec   .          Harm     .   (cloak unavailable)
rCorr   .          Rampage  .   (gloves unavailable)
Will    +....                   (boots unavailable)
Stlth   +++.......              k - amulet of reflection
HPRegen 0.12/turn               e - +4 ring of protection
MPRegen 0.19/turn               a - ring of magical power

@: lethally poisoned (-4 -> -16), heavily drained, quick
A: very small, claws 1, fangs 3, see invisible, speed 1, shaggy fur 2, stealthy
paws, no weapons or thrown items, no armour, multi-lived
a: Renounce Religion


You were on level 8 of the Dungeon.
You worshipped Vehumet.
Vehumet was aware of your devotion.
You visited 2 branches of the dungeon, and saw 9 of its levels.

You collected 370 gold pieces.
You spent 330 gold pieces at shops.

Inventory:

Jewellery
 a - a ring of magical power (right paw)
 d - a ring of protection from fire
 e - a +4 ring of protection (left paw)
 h - a +4 ring of evasion
 k - an amulet of reflection (around neck)
Wands
 j - a wand of polymorph (2)
Scrolls
 f - a scroll of amnesia
 i - a scroll of teleportation
 m - a scroll of brand weapon {unknown}
Potions
 b - 3 potions of cancellation
 g - a potion of invisibility
 l - a potion of haste
 n - a potion of brilliance {unknown}


   Skills:
 + Level 6.5 Fighting
 + Level 8.7 Dodging
 - Level 3.6 Stealth
 + Level 4.4 Unarmed Combat
 - Level 4.6 Spellcasting
 * Level 8.0 Conjurations
 + Level 9.1 Fire Magic


You had 3 spell levels left.
You knew the following spells:

 Your Spells              Type           Power      Damage    Failure   Level
a - Foxfire               Conj/Fire      100%       2x1d9     1%          1
b - Scorch                Fire           74%        2d8       1%          2
c - Flame Wave            Conj/Fire      35%        2d8       4%          4
d - Searing Ray           Conj           64%        2d6       1%          2
e - Iskenderun's Battles  Conj           32%        2d8       14%         5

Your spell library contained the following spells:

 Spells                   Type           Power      Damage    Failure   Level
 Freeze                   Ice            16%        1d4       14%         1
 Conjure Flame            Conj/Fire      35%        6-21      1%          3
 Inner Flame              Hex/Fire       20%        N/A       6%          3
 Stone Arrow              Conj/Erth      36%        3d9       9%          3
 Sandblast                Erth           8%         2d5       14%         1
 Summon Small Mammal      Summ           16%        N/A       14%         1
 Passwall                 Tmut/Erth      3%         N/A       22%         2
 Call Canine Familiar     Summ           4%         N/A       38%         3
 Gell's Gravitas          Tloc           4%         N/A       38%         3
 Lesser Beckoning         Tloc           4%         N/A       38%         3
 Summon Guardian Golem    Hex/Summ       4%         N/A       38%         3
 Swiftness                Air            4%         N/A       38%         3
 Teleport Other           Tloc           4%         N/A       38%         3
 Freezing Cloud           Conj/Ice/Air   6%         6-21      78%         5
 Dispel Undead            Necr           4%         3d7       80%         4
 Summon Lightning Spire   Summ/Air       4%         N/A       80%         4
 Agony                    Necr           4%         N/A       98%         5
 Haunt                    Necr/Summ      2%         N/A       100%        7
 Spellforged Servitor     Conj/Summ      9%         N/A       100%        7
 Storm Form               Tmut/Air       2%         N/A       100%        7
 Maxwell's Capacitive Co  Air            2%         ∞         100%        8


Dungeon Overview and Level Annotations

Branches:
Dungeon (8/15)             Temple (1/1) D:7
   Lair: D:8-11

Altars:
Ashenzari
Cheibriados
Dithmenos
Elyvilon
Fedhas
Gozag
Hepliaklqana
Kikubaaqudgha
Makhleb
Nemelex Xobeh
Okawaru
Qazlal
Ru
Sif Muna
Trog
Uskayaw
Vehumet
Wu Jian
Xom
Yredelemnul
Zin
The Shining One

Shops:
D:7 =(

Annotations:
D:1 scroll


Innate Abilities, Weirdness & Mutations

You have sharp claws.
You have razor-sharp teeth.
You have supernaturally acute eyesight. (SInv)
You cover ground quickly. (Speed+)
You are covered in thick fur. (AC +2)
Your paws help you pounce on unaware monsters.
You are incapable of wielding weapons or throwing items.
You cannot wear armour.
You gain extra lives every three experience levels.


Message History

A wight comes into view. It is wielding a +0 falchion.
The gnoll hits you but does no damage.
A wave of flame ripples out!
The flame wave engulfs the gnoll!
The gnoll is severely wounded.
A gnoll sergeant comes into view. It is wielding a +7 spear of venom.
The gnoll throws a throwing net.
The throwing net hits you.
You become entangled in the net!
A wight comes into view. It is wielding a +0 flail.
A wave of flame ripples out!
The flame wave engulfs the gnoll.
You kill the gnoll!
Vehumet accepts your kill.
The flame wave engulfs the wight.
The wight is lightly damaged.
You finish channelling waves of flame.
A gnoll comes into view. It is wielding a +0 club.
You struggle against the net.
The wight hits you with a +0 falchion.
You feel drained.
You struggle against the net.
A gnoll comes into view. It is wielding a +0 halberd of venom.
The wight hits you with a +0 falchion.
You feel drained.
You struggle against the net.
The wight barely misses you. The wight hits you with a +0 falchion!
* * * LOW HITPOINT WARNING * * *
You feel drained.
* * * LOW HITPOINT WARNING * * *
You feel much better.
A wight comes into view. It is wielding a +1 mace.
A wight comes into view. It is wielding a +0 spear.
The wight barely misses you. The wight hits you with a +0 falchion.
You rip the net and break free!
A wight comes into view. It is wielding a +0 flail.
The gnoll sergeant hits you from afar with a +7 spear of venom!
You are poisoned.
The wight hits you with a +0 falchion!
You feel drained.
* * * LOW HITPOINT WARNING * * *
The wight barely misses you.
* * * LOW HITPOINT WARNING * * *
You feel very sick.
The gnoll sergeant hits you from afar with a +7 spear of venom!
You die...

...........####.#........ ..
................z###...#.
..........#####..#####.#
..<.........g..........#
.................#######
...............zz'....
.............)gzz#####
..............g.)###
................@).######.
..................)'......
...........###.....#######
.............'.....'.#
...........#.#.....#.#
...#......>..#.......)).)...
...... ##. #......########
...#.# ...'......+ #..#.##
.##......#


You could see a gnoll sergeant, 5 wights and 2 gnolls.

Vanquished Creatures
  A hydra (D:7)
  Psyche (D:8)
  A wyvern (D:6)
  A wraith (D:6)
  Menkaure (D:7)
  A water moccasin (D:5)
  A black bear (D:5)
  2 ice beasts
  2 ogres
  2 centaurs (D:8)
  2 phantoms (D:4)
  A kobold brigand (D:7)
  2 bullfrogs
  2 gnoll sergeants
  A wyvern zombie (D:5)
  3 scorpions
  A water moccasin zombie (D:5)
  A wyvern skeleton (D:6)
  3 killer bees (D:6)
  5 wights (D:8)
  4 howler monkeys
  2 bullfrog zombies
  A centaur zombie (D:7)
  A hound (D:5)
  A centaur skeleton (D:7)
  2 jellies
  2 orc priests (D:5)
  A gnoll shaman (D:6)
  6 iguanas
  10 orc wizards
  A howler monkey zombie (D:6)
  7 adders
  15 gnolls
  An adder zombie (D:5)
  3 adder skeletons (D:4)
  A worm (D:2)
  A dart slug (D:3)
  30 orcs
  7 ball pythons
  7 bats
  13 endoplasms
  3 giant cockroaches
  10 goblins
  10 hobgoblins
  4 jackals (D:2)
  5 quokkas
  7 frilled lizards
  12 kobolds
  2 rats (D:3)
203 creatures vanquished.

Vanquished Creatures (others)
  357 foxfires
  6 plants
363 creatures vanquished.

Grand Total: 566 creatures vanquished

Notes
Turn   | Place    | Note
-------+----------+-------------------------------------------
     0 | D:1      | hawla the Felid Fire Elementalist began the quest for the
                  | Orb.
     0 | D:1      | Reached XP level 1. HP: 7/7 MP: 4/4
   209 | D:1      | Reached XP level 2. HP: 5/11 MP: 4/6
   423 | D:1      | Reached skill level 3 in Fire Magic
  1167 | D:1      | Reached skill level 1 in Conjurations
  1668 | D:2      | Reached XP level 3. HP: 15/15 MP: 2/7
  1674 | D:2      | Learned a level 2 spell: Scorch
  1743 | D:2      | Found a faded altar of an unknown god.
  1802 | D:2      | Identified the +8 dagger of Anguish {elec, rElec rN+}
  1960 | D:2      | Found a sacrificial altar of Ru.
  2376 | D:3      | Reached XP level 4. HP: 13/18 MP: 4/8
  2381 | D:3      | Learned a level 4 spell: Flame Wave
  2854 | D:2      | Identified a scroll of acquirement
  2854 | D:2      | Acquired the Incunabulum of Conjuration and Sinister Arts
  2859 | D:2      | Reached skill level 1 in Fighting
  3601 | D:4      | Reached skill level 1 in Unarmed Combat
  3610 | D:4      | Reached XP level 5. HP: 22/22 MP: 3/9
  4019 | D:4      | Noticed a phantom
  4195 | D:4      | Killed a phantom
  4196 | D:4      | Reached skill level 4 in Fire Magic
  4414 | D:4      | Gained mutation: You are covered in thick fur. (AC +2)
                  | [Felid growth]
  4414 | D:4      | Reached XP level 6. HP: 25/25 MP: 5/10
  5005 | D:5      | Entered Level 5 of the Dungeon
  5230 | D:5      | Mangled by a wyvern zombie
  5231 | D:5      | Reached XP level 5. HP: -9/22 MP: 4/9
  5243 | D:5      | Noticed a water moccasin
  5252 | D:5      | Killed a water moccasin
  5253 | D:5      | Reached XP level 6. HP: 15/25 MP: 3/10
  5769 | D:5      | Reached skill level 5 in Fire Magic
  5770 | D:5      | Reached XP level 7. HP: 11/29 MP: 0/11
  6353 | D:5      | Reached skill level 5 in Conjurations
  6464 | D:5      | Reached skill level 6 in Fire Magic
  6954 | D:6      | Reached skill level 8 in Fire Magic
  6954 | D:6      | Reached XP level 8. HP: 22/39 MP: 15/15
  6958 | D:6      | Learned a level 2 spell: Searing Ray
  6964 | D:6      | Learned a level 5 spell: Iskenderun's Battlesphere
  7109 | D:6      | Reached XP level 9. HP: 42/42 MP: 16/16
  7338 | D:6      | Found an iron altar of Okawaru.
  7935 | D:6      | Found a hazy altar of Hepliaklqana.
  7940 | D:6      | Found an ancient bone altar of Kikubaaqudgha.
  8006 | D:6      | Found a sparkling altar of Nemelex Xobeh.
  8012 | D:6      | Found an ornate altar of the Wu Jian Council.
  8014 | D:6      | Found a shadowy altar of Dithmenos.
  8170 | D:6      | Found a glowing golden altar of the Shining One.
  8483 | D:7      | Found a staircase to the Ecumenical Temple.
  8538 | Temple   | Entered the Ecumenical Temple
  8818 | Temple   | Became a worshipper of Vehumet
  8864 | D:7      | Noticed an eight-headed hydra
  8866 | D:7      | HP: 2/42 [eight-headed hydra (15)]
  8866 | D:7      | Slain by an eight-headed hydra
  8867 | D:7      | Reached XP level 8. HP: -1/39 MP: 20/24
  8948 | D:7      | Noticed Menkaure
  8948 | D:7      | Killed an eight-headed hydra
  8949 | D:7      | Reached skill level 9 in Fire Magic
  8949 | D:7      | Reached XP level 9. HP: 21/42 MP: 10/16
  8956 | D:7      | Killed Menkaure
  9343 | D:7      | Reached * piety under Vehumet
  9343 | D:7      | Offered knowledge of Freeze by Vehumet.
  9437 | D:7      | Found Pituk's Jewellery Emporium.
  9542 | D:7      | Bought an amulet of reflection for 330 gold pieces
  9615 | D:7      | Found Myer's Antique Weapon Shoppe.
  9637 | D:7      | Acquired hawla's Volume of Evil Weightlessness
 10259 | D:8      | Noticed Psyche
 10268 | D:8      | Killed Psyche
 10368 | D:8      | Slain by a gnoll sergeant

Illustrated notes

Levels and vault maps discovered:
D:1:      evilmike_arrival_crescent, layout_basic, grunt_decor_fettered,
          serial_bayou_pond_c, corexii_leaking_fountain,
          corexii_item_surrounded_by_moat
D:2:      layout_rooms, ebering_ecumenical_altar_hall, basic_altar
D:3:      cheibrodos_greedy_goblins, layout_rooms, skrybe_limestone_x
D:4:      layout_gridville
D:5:      nicolae_cairo_tiling_large_dashed, layout_layer_cave,
          minmay_starry_boxes
D:6:      corexii_shack_village, layout_basic,
          nicolae_overflow_hallway_of_the_gods, okawaru_metal_pillars_3
D:7:      layout_loops_ring, minmay_temple_entry_tees, serial_shops, shop,
          nicolae_stop_n_shop_1, uniq_menkaure
D:8:      layout_basic, serial_shops, kennysheep_mini, uniq_psyche
Temple:   regret_index_temple_generic_petals

Skill      XL: |  1  2  3  4  5  6  7  8  9 |
---------------+----------------------------+-----
Dodging        | 3 4 7 8 |  8.7
Fire Magic     | 3 4 5 8 9 |  9.1
Stealth        | 3 |  3.6
Conjurations   | 1 2 4 6 7 8 |  8.0
Fighting       | 1 6 |  6.5
Unarmed Combat | 1 2 4 |  4.4
Spellcasting   | 4 |  4.6

Action                   |  1- 3 |  4- 6 |  7- 9 || total
-------------------------+-------+-------+-------++-------
Melee: Unarmed           |    67 |    79 |   107 ||   253
       Bite              |     5 |    11 |    23 ||    39
       Punch             |       |     1 |     7 ||     8
 Cast: Foxfire           |    46 |    83 |    73 ||   202
       Scorch            |     4 |    31 |    25 ||    60
       Flame Wave        |       |     2 |    18 ||    20
       Iskenderun's Batt |       |       |     6 ||     6
       Searing Ray       |       |       |     8 ||     8
  Use: Scroll            |     5 |     2 |     9 ||    16
       Potion            |       |       |     5 ||     5
 Stab: Sleeping          |     5 |     4 |     3 ||    12
       Invisible         |       |       |     3 ||     3
Armor: Skin              |    16 |    19 |    31 ||    66
Dodge: Dodged            |    70 |    91 |   216 ||   377
Block: Other             |       |       |     8 ||     8
       Reflection        |       |       |     1 ||     1
